 Dungeon Crawl Stone Soup version 0.31-a0-1549-g5ff9445e89 (webtiles) character file.

Game seed: 17437349087852513698

212592 pokeman the Sorcerer (level 18, -11/100 (105) HPs)
             Began as a Deep Elf Hedge Wizard on Jan 2, 2024.
             Was the Champion of Vehumet.
             Mangled by a radroach (37 damage)
             ... on level 4 of the Spider Nest.
             The game lasted 01:38:29 (38753 turns).

pokeman the Sorcerer (Deep Elf Hedge Wizard)       Turns: 38753, Time: 01:38:30

HP:   -11/100 (105) AC: 20    Str:  7    XL:     18   Next: 24%
MP:   60/68         EV: 13    Int: 28    God:    Vehumet [******]
Gold: 3122          SH:  9    Dex: 14    Spells: 20/70 levels left

rFire   + . .        y - staff of fire
rCold   + . .        X - +2 buckler {rC+}
rNeg    . . .        n - +3 leather armour {rPois}
rPois   +            e - +2 helmet
rElec   .            f - +0 cloak
rCorr   .            c - +2 pair of gloves
SInv    .            R - +2 pair of boots {Stlth+}
Will    +....        (no amulet)
Stlth   +++          P - ring of magical power
HPRegen 0.36/turn    T - ring of the Octopus King {HP+2 MP+9 AC+2 EV+2 SH+2}
MPRegen 0.41/turn

%: no passive effects
@: on blink cooldown, slightly contaminated, lightly drained
A: no striking features
}: 1/15 runes: barnacled
a: Renounce Religion


You were on level 4 of the Spider Nest.
You worshipped Vehumet.
Vehumet was exalted by your worship.
You visited 6 branches of the dungeon, and saw 31 of its levels.
You also visited: Bailey and Ice Cave.

You collected 3593 gold pieces.
You spent 471 gold pieces at shops.

Inventory:

Missiles
 b - 4 throwing nets
 C - 4 curare-tipped darts
Armour
 c - a +2 pair of gloves (worn)
 e - a +2 helmet (worn)
 f - a +0 cloak (worn)
 n - a +3 leather armour of poison resistance (worn)
 F - +0 acid dragon scales
 R - a +2 pair of boots of stealth (worn)
 X - a +2 buckler of cold resistance (worn)
Magical Staves
 y - a staff of fire (weapon)
Jewellery
 h - a +5 ring of evasion
 t - a ring of positive energy
 u - the ring of Shadows {Umbra +Inv Stlth+}
   (You found it on level 4 of the Shoals)

   [ring of stealth]

   Umbra:     It surrounds you with an aura of shadow, increasing your stealth
   and reducing the accuracy of all others within it.
   +Inv:      It lets you turn invisible.
   Stlth+:    It makes you more stealthy.
 v - a ring of positive energy
 D - a +6 ring of dexterity
 P - a ring of magical power (left hand)
 T - a ring of the Octopus King (right hand) {HP+2 MP+9 AC+2 EV+2 SH+2}
   (You found it on level 4 of the Lair of Beasts)

   [ring of magical power]

   AC+2:      It affects your AC (+2).
   EV+2:      It affects your evasion (+2).
   HP+2:      It affects your health (+2).
   MP+9:      It affects your magic capacity (+9).
   SH+2:      It affects your SH (+2).
Wands
 m - a wand of acid (3)
 q - a wand of paralysis (4)
 L - a wand of roots (15)
Scrolls
 a - a scroll of enchant armour
 g - 11 scrolls of teleportation
 i - 2 scrolls of vulnerability
 k - a scroll of enchant weapon
 l - 2 scrolls of blinking
 p - a scroll of revelation
 w - 2 scrolls of fear
 x - a scroll of poison
 A - a scroll of fog
 E - 3 scrolls of identify
Potions
 d - 8 potions of magic
 j - a potion of brilliance
 o - a potion of enlightenment
 r - 6 potions of haste
 s - a potion of mutation
 z - 7 potions of heal wounds
 B - a potion of lignification
 G - a potion of might
 M - 9 potions of curing
 O - a potion of resistance
 V - 2 potions of ambrosia
Miscellaneous
 U - a tin of tremorstones (2/2)
 Y - a sack of spiders (inert)


   Skills:
 - Level 8.0 Fighting
 + Level 8.5 Armour
 - Level 3.0 Dodging
 - Level 4.2 Stealth
 - Level 6.0 Shields
 * Level 26.7 Spellcasting
 + Level 16.6 Conjurations
 - Level 1.1 Summonings
 - Level 1.1 Translocations
 + Level 16.0 Fire Magic
 - Level 1.0 Air Magic
 - Level 2.2 Earth Magic
 - Level 1.1 Alchemy
 - Level 1.0 Evocations


You had 20 spell levels left.
You knew the following spells:

 Your Spells              Type           Power      Damage    Failure   Level
a - Magic Dart            Conj           100%       1d8       0%          1
b - Mephitic Cloud        Conj/Alch/Air  64%        N/A       1%          3
c - Call Imp              Summ           86%        N/A       1%          2
d - Blink                 Tloc           86%        N/A       1%          2
e - Stone Arrow           Conj/Erth      100%       3d13      1%          3
f - Fireball              Conj/Fire      57%        3d22      1%          5
g - Starburst             Conj/Fire      57%        6d15      1%          6
h - Iskenderun's Battles  Conj           92%        2d14      1%          5
i - Orb of Destruction    Conj           46%        9d12      1%          7
j - Swiftness             Air            43%        N/A       3%          3
k - Lee's Rapid Deconstr  Erth           24%        3d13*     4%          5
l - Ignition              Fire           56%        3d15      3%          8

Your spell library contained the following spells:

 Spells                   Type           Power      Damage    Failure   Level
 Lehudib's Crystal Spear  Conj/Erth      37%        10d9      45%         8
 Chain Lightning          Conj/Air       36%        3d48      100%        9
 Sandblast                Erth           98%        2d20      1%          1
 Shock                    Conj/Air       100%       1d9       1%          1
 Slow                     Hex            100%       N/A       1%          1
 Cigotuvi's Dreadful Rot  Necr/Alch/Air  82%        N/A       1%          2
 Lesser Beckoning         Tloc           86%        N/A       1%          2
 Momentum Strike          Conj/Tloc      100%       3d10      1%          2
 Dazzling Flash           Conj/Hex       100%       N/A       1%          3
 Frozen Ramparts          Ice            74%        1d12      1%          3
 Passwall                 Erth           49%        N/A       1%          3
 Volatile Blastmotes      Fire/Tloc      100%       2d18      1%          3
 Brom's Barrelling Bould  Conj/Erth      74%        2d9       1%          4
 Conjure Ball Lightning   Conj/Air       36%        3x3d12    1%          6
 Call Canine Familiar     Summ           43%        N/A       2%          3
 Gell's Gravitas          Tloc           43%        N/A       2%          3
 Teleport Other           Tloc           43%        N/A       2%          3
 Airstrike                Air            21%        2d(4-20)  2%          4
 Summon Ice Beast         Ice/Summ       40%        N/A       3%          3
 Sigil of Binding         Hex            37%        N/A       4%          3
 Leda's Liquefaction      Alch/Erth      23%        N/A       8%          4
 Petrify                  Alch/Erth      46%        N/A       8%          4
 Spellforged Servitor     Conj/Summ      36%        N/A       9%          7
 Dimensional Bullseye     Hex/Tloc       20%        N/A       12%         4
 Anguish                  Hex/Necr       18%        N/A       14%         4
 Cause Fear               Hex            18%        N/A       14%         4
 Summon Forest            Summ/Tloc      21%        N/A       26%         5
 Summon Mana Viper        Hex/Summ       40%        N/A       32%         5
 Metabolic Englaciation   Hex/Ice        18%        N/A       38%         5
 Dispersal                Tloc           21%        N/A       82%         6
 Enfeeble                 Hex            18%        N/A       100%        7
 Monstrous Menagerie      Summ           21%        N/A       100%        7
 Maxwell's Capacitive Co  Air            21%        ∞         100%        8


Dungeon Overview and Level Annotations

Branches:
Dungeon (15/15)            Temple (1/1) D:6            Lair (5/5) D:10
 Shoals (4/4) Lair:3       Spider (4/4) Lair:2        Slime (0/5) Lair:4
    Orc (2/2) D:10            Elf (0/3) Orc:2        Vaults (0/5) D:13
 Bailey (visited)           IceCv (visited)
 Depths: D:15

Altars:
Ashenzari
Cheibriados
Dithmenos
Elyvilon
Fedhas
Gozag
Hepliaklqana
Kikubaaqudgha
Makhleb
Nemelex Xobeh
Okawaru
Qazlal
Ru
Sif Muna
Trog
Uskayaw
Vehumet
Wu Jian
Xom
Yredelemnul
Zin
The Shining One
Jiyva
Lugonu

Shops:
D:5 (   Orc:2 !!=[!   Shoals:2 :[   Shoals:3 [

Portals:
Abyss: Lair:5

Annotations:
D:12 exclusion: ice statue


Message History

Confirm with . or Enter, or press ? or * to list all spells.
Aiming: Fireball (safe; 1% risk of failure)
Press: ? - help, Shift-Dir - straight line, p - jorogumo simulacrum You feel a surge of power!
The fireball explodes!
The fireball engulfs the jorogumo simulacrum!!!
The jorogumo simulacrum melts!
The jorogumo simulacrum vaporises!
You hear a sizzling sound!
There is a stone staircase leading up, spattered with blood here.
You climb upwards.
There is a stone staircase leading down here.
You start resting.
HP restored.
You start resting.
Magic restored.
You climb downwards.
The radroach erupts in a fountain of uncontrolled magic!
You are blasted with magical radiation!!!
You are very lightly contaminated with residual magic.
The radroach erupts in a fountain of uncontrolled magic!
You are blasted with magical radiation!!
* * * LOW HITPOINT WARNING * * *
You are lightly contaminated with residual magic.
There is a stone staircase leading up, spattered with blood here.
Unknown command.
Casting: Fireball (safe; 1% risk of failure)
Confirm with . or Enter, or press ? or * to list all spells.
You blink.
Unknown command.
Casting: Blink (safe; 1% risk of failure)
Confirm with . or Enter, or press ? or * to list all spells.
Aiming: Orb of Destruction (dangerous; 1% risk of failure)
Press: ? - help, Shift-Dir - straight line, f - radroach
Aim: a radroach Unknown command.
You reach into the sack... ...and things crawl out!
The sack is emptied!
Your orb of destruction hits a rock wall.
The radroach erupts in a fountain of uncontrolled magic!
You are blasted with magical radiation!!!
You die...

######....##.........#......##^..
.#.#.#.#....#..^.....###.^.......
^#...^.#.^..#^###..###...##^....#
^.....^###..###^...#.#....#.#....
..^######...#.#........##########
^...#.#.#.....#####^....#..#^...#
##..#.....#...#...#....^...#..#^.
......^.#.##..#.s.###....###.)#..
.....##....#^.#.@.#.#...##^#..#..
#..^.#..^.^#..##B○#.....#.^#..#..
######.##..#...##○s.....#[.(.##..
....#^.#...###^.##.....##...##...
...^#..##..#.....#<..^.^#........
#...#..#...#...########..#.......
###............#^#..#.^.....####.
.^...........#................^#.
......#.^######...............###


You could see a radroach (ally target), a friendly culicivora (summoned) and a
friendly scorpion (summoned).

Vanquished Creatures
  Nikola (Shoals:4)
  Jorgrun (Orc:2)
  Frances (Spider:2)
  3 emperor scorpions
  A ghost moth (Spider:4)
  An orc warlord (Orc:1)
  2 broodmothers
  A reaper (IceCv)
  Azrael (D:13)
  2 spark wasps (Spider:2)
  Snorg (D:14)
  9 merfolk impalers
  7 merfolk javelineers
  Josephine (Lair:5)
  4 entropy weavers
  A fire dragon (D:14)
  4 vault guards (D:13)
  5 centaur warriors
  7 hydras
  3 merfolk aquamancers (Shoals:4)
  2 merfolk avatars (Shoals:4)
  4 radroaches
  8 boulder beetles
  3 ogre magi (Orc:2)
  3 jorogumos
  3 two-headed ogres
  2 satyrs
  2 alligator snapping turtles (Shoals:4)
  11 death yaks
  A death scarab (Spider:3)
  12 demonic crawlers
  3 thrashing horrors (Lair:5)
  A deep elf knight (D:15)
  3 skeletal warriors (D:13)
  9 pharaoh ants
  6 skysharks
  14 sea snakes
  2 sun moths
  12 orb spiders
  2 arcanists (D:13)
  Pikel (D:4)
  10 steelbarb worms
  5 harpies (Shoals:4)
  3 necromancers (D:13)
  3 ugly things
  19 wolf spiders
  2 salamanders (D:15)
  9 orc sorcerers
  3 moths of wrath
  7 cyclopes
  13 fauns
  5 manticores
  14 merfolk sirens
  4 elephants (Lair:2)
  13 slime creatures
  4 meliai
  2 ice statues (IceCv)
  Joseph (Lair:1)
  3 black mambas
  4 water nymphs
  11 cane toads
  A gargoyle (D:11)
  An unseen horror (D:13)
  Maggie (Lair:2)
  2 large abominations (Lair:5)
  10 torpor snails
  A yaktaur (D:15)
  A kobold demonologist (D:11)
  6 komodo dragons
  Psyche (D:11)
  An anaconda simulacrum (IceCv)
  4 tengu conjurers (D:13)
  8 ice devils
  2 polar bears
  29 merfolk
  7 trolls
  28 tarantellas
  13 blink frogs
  9 snapping turtles
  7 wind drakes
  2 raiju (Lair:5)
  3 dream sheep (Shoals:3)
  29 jumping spiders
  2 centaur simulacra (D:12)
  9 small abominations (Lair:5)
  2 shadows
  6 wraiths
  A dire elephant simulacrum (IceCv)
  6 water elementals
  18 culicivoras
  3 ynoxinuls (Lair:5)
  A vampire (D:13)
  48 yaks
  8 wyverns
  3 fire elementals (D:13)
  5 basilisks
  3 wargs
  18 humans
  2 steam dragons
  72 redbacks
  A vampire mosquito (D:14)
  2 harpy simulacra (IceCv)
  Edmund (D:6)
  A chaos spawn (Lair:5)
  15 water moccasins
  A hydra simulacrum (IceCv)
  An acid dragon (D:9)
  3 hell hounds
  Duvessa (D:6)
  A meliai simulacrum (D:15)
  2 black bears
  3 ice beasts
  15 orc warriors
  A black bear (shapeshifter) (Lair:5)
  6 laughing skulls (D:13)
  A swamp drake (shapeshifter) (Lair:5)
  10 ogres
  11 wolves
  6 centaurs
  4 phantoms
  3 lemures (D:4)
  Blork the orc (D:6)
  3 kobold brigands
  11 bullfrogs
  2 cane toad simulacra (IceCv)
  2 scorpions
  8 wights
  Dowan (D:6)
  17 killer bees
  An elephant simulacrum (IceCv)
  7 howler monkeys
  2 electric eels
  2 bombardier beetles
  Crazy Yiuf (D:3)
  4 jellies (D:8)
  2 hounds
  A gnoll bouda (D:7)
  A sleepcap (D:6)
  10 orc priests
  3 iguanas
  33 orc wizards
  2 spriggan simulacra (IceCv)
  3 troll simulacra (IceCv)
  A wolf simulacrum (IceCv)
  A boggart simulacrum (D:12)
  13 gnolls
  11 adders
  2 naga simulacra (IceCv)
  A shadow imp (D:5)
  2 white imps (IceCv)
  2 ufetubi (IceCv)
  2 ribbon worms
  69 orcs
  4 bats
  3 endoplasms
  A giant cockroach (D:3)
  5 hobgoblins
  23 kobolds
  2 quokkas
  8 ball pythons
  A frilled lizard (D:1)
  12 goblins
  5 rats
1042 creatures vanquished.

Vanquished Creatures (collateral kills)
  A killer bee (D:10)
  A hound (D:6)
  A gnoll (D:7)
3 creatures vanquished.

Vanquished Creatures (others)
  An orc (D:6)
1 creature vanquished.

Grand Total: 1046 creatures vanquished

Notes
Turn   | Place    | Note
-------+----------+-------------------------------------------
     0 | D:1      | pokeman the Deep Elf Hedge Wizard began the quest for the
                  | Orb.
     0 | D:1      | Reached XP level 1. HP: 10/10 MP: 7/7
   498 | D:1      | Reached XP level 2. HP: 15/15 MP: 3/9
  1049 | D:2      | Reached skill level 5 in Spellcasting
  1189 | D:2      | Found a basalt altar of Yredelemnul.
  1341 | D:2      | Noticed a phantom
  1353 | D:2      | Killed a phantom
  1354 | D:2      | Reached skill level 1 in Fighting
  1354 | D:2      | Reached skill level 1 in Armour
  1354 | D:2      | Reached XP level 3. HP: 11/20 MP: 2/12
  1354 | D:2      | Reached XP level 4. HP: 14/25 MP: 2/13
  1358 | D:2      | Learned a level 3 spell: Mephitic Cloud
  1361 | D:2      | Learned a level 2 spell: Call Imp
  1364 | D:2      | Learned a level 2 spell: Blink
  1788 | D:2      | Reached skill level 6 in Spellcasting
  2176 | D:3      | Reached XP level 5. HP: 29/29 MP: 11/15
  2650 | D:3      | Found a runed translucent door.
  2651 | D:3      | Noticed Crazy Yiuf
  2655 | D:3      | Killed Crazy Yiuf
  3241 | D:4      | Noticed a lemure
  3243 | D:4      | Noticed a lemure
  3245 | D:4      | Noticed Pikel
  3247 | D:4      | Noticed a lemure
  3249 | D:4      | Noticed a lemure
  3261 | D:4      | Killed a lemure
  3265 | D:4      | Killed a lemure
  3315 | D:4      | Killed a lemure
  3389 | D:4      | Killed Pikel
  3390 | D:4      | Reached skill level 8 in Spellcasting
  3390 | D:4      | Reached XP level 6. HP: 7/34 MP: 7/19
  3390 | D:4      | Reached XP level 7. HP: 8/38 MP: 7/20
  3968 | D:4      | Reached skill level 1 in Air Magic
  3968 | D:4      | Reached skill level 1 in Earth Magic
  3968 | D:4      | Reached skill level 1 in Alchemy
  3968 | D:4      | Reached skill level 1 in Evocations
  4525 | D:5      | Entered Level 5 of the Dungeon
  4568 | D:5      | Reached XP level 8. HP: 43/43 MP: 18/22
  4682 | D:5      | Reached skill level 9 in Spellcasting
  4907 | D:5      | Found Keuhohol's Weapon Shoppe.
  5251 | D:5      | Found a shimmering altar of Xom.
  5312 | D:5      | Found a sparkling altar of Nemelex Xobeh.
  5604 | D:5      | Learned a level 6 spell: Starburst
  5704 | D:6      | Noticed Blork the orc
  5721 | D:6      | Reached skill level 5 in Conjurations
  5721 | D:6      | Reached skill level 1 in Fire Magic
  5872 | D:6      | Killed Blork the orc
  5880 | D:6      | Noticed Edmund
  5895 | D:6      | Killed Edmund
  5896 | D:6      | Reached skill level 10 in Spellcasting
  6057 | D:6      | Noticed Dowan
  6059 | D:6      | Noticed Duvessa
  6085 | D:6      | Killed Dowan
  6087 | D:6      | Killed Duvessa
  6088 | D:6      | Reached XP level 9. HP: 20/48 MP: 16/25
  6270 | D:6      | Learned a level 3 spell: Stone Arrow
  6292 | D:6      | Found a staircase to the Ecumenical Temple.
  6301 | Temple   | Entered the Ecumenical Temple
  6316 | Temple   | Became a worshipper of Vehumet
  6778 | D:7      | Reached skill level 11 in Spellcasting
  6819 | D:7      | Found a basalt altar of Yredelemnul.
  6912 | D:7      | Found an iron altar of Okawaru.
  6981 | D:7      | Found a flagged portal.
  6995 | Bailey   | Entered a bailey
  7374 | Bailey   | Reached * piety under Vehumet
  7374 | Bailey   | Offered knowledge of Kiss of Death by Vehumet.
  8396 | D:8      | Found a viscous altar of Jiyva.
  8404 | D:8      | Reached skill level 12 in Spellcasting
  8539 | D:8      | Offered knowledge of Scorch by Vehumet.
  8611 | D:8      | Reached ** piety under Vehumet
  8815 | D:8      | Reached XP level 10. HP: 54/54 MP: 23/28
  8821 | D:8      | Reached skill level 5 in Fire Magic
  9476 | D:9      | Noticed a two-headed ogre
  9482 | D:9      | Killed a two-headed ogre
  9483 | D:9      | Reached skill level 13 in Spellcasting
  9854 | D:9      | Found a white marble altar of Elyvilon.
  9940 | D:9      | Found a transporter.
  9942 | D:9      | Found a transporter.
  9942 | D:9      | Noticed a boulder beetle
 10475 | D:9      | Killed a boulder beetle
 10632 | D:10     | Entered Level 10 of the Dungeon
 10667 | D:10     | Reached skill level 14 in Spellcasting
 11109 | D:10     | Reached XP level 11. HP: 61/61 MP: 26/31
 11298 | D:10     | Offered knowledge of Searing Ray by Vehumet.
 11463 | D:10     | Found a staircase to the Lair.
 11567 | D:10     | Identified the +1 ring mail of Tender Moments {rElec rC+
                  | Will- Int+3}
 11823 | D:10     | Found a staircase to the Orcish Mines.
 12073 | D:11     | Noticed Psyche
 12078 | D:11     | Killed Psyche
 12091 | D:11     | Reached *** piety under Vehumet
 12092 | D:11     | Reached skill level 15 in Spellcasting
 12352 | D:11     | You fall into a shaft and drop 3 floors!
 12545 | D:12     | Offered knowledge of Ignite Poison by Vehumet.
 12598 | D:12     | Noticed a two-headed ogre
 12615 | D:12     | Killed a two-headed ogre
 12616 | D:12     | Reached skill level 16 in Spellcasting
 12684 | D:12     | Noticed a boulder beetle
 12732 | D:12     | Found a frozen archway.
 12752 | IceCv    | Entered an ice cave
 13037 | IceCv    | Reached XP level 12. HP: 57/66 MP: 22/34
 13312 | IceCv    | Reached **** piety under Vehumet
 13415 | IceCv    | Offered knowledge of Airstrike by Vehumet.
 13419 | IceCv    | Reached skill level 10 in Conjurations
 13479 | IceCv    | Noticed a reaper
 13485 | IceCv    | Killed a reaper
 13635 | IceCv    | Acquired a book of the Spheres
 13643 | IceCv    | Learned a level 5 spell: Fireball
 13649 | IceCv    | Learned a level 5 spell: Iskenderun's Battlesphere
 13657 | IceCv    | Learned a level 7 spell: Orb of Destruction
 13699 | IceCv    | Reached skill level 17 in Spellcasting
 13811 | D:12     | Killed a boulder beetle
 14270 | D:11     | Reached skill level 5 in Shields
 15377 | D:13     | Noticed a seven-headed hydra
 15380 | D:13     | Killed a seven-headed hydra
 15676 | D:13     | Noticed a vault guard
 15682 | D:13     | Killed a vault guard
 15683 | D:13     | Noticed a centaur warrior
 15686 | D:13     | Killed a centaur warrior
 15687 | D:13     | Reached skill level 18 in Spellcasting
 15941 | D:13     | Reached XP level 13. HP: 70/70 MP: 26/37
 16069 | D:13     | Reached skill level 5 in Armour
 16075 | D:13     | Reached skill level 10 in Fire Magic
 16583 | D:13     | Found a gate to the Vaults.
 16712 | D:13     | Learned a level 3 spell: Swiftness
 17194 | D:13     | Noticed Azrael
 17544 | D:12     | Reached ***** piety under Vehumet
 17544 | D:12     | Offered knowledge of Lee's Rapid Deconstruction by Vehumet.
 17551 | D:12     | Learned a level 5 spell: Lee's Rapid Deconstruction
 17756 | D:13     | Killed Azrael
 17757 | D:13     | Reached skill level 19 in Spellcasting
 18111 | D:14     | Reached skill level 5 in Fighting
 18572 | D:14     | Noticed a fire dragon
 18587 | D:14     | Noticed Snorg
 18599 | D:14     | Killed Snorg
 18871 | D:14     | Killed a fire dragon
 19120 | D:15     | Entered Level 15 of the Dungeon
 19353 | D:15     | Noticed a crystal guardian
 19469 | Lair:1   | Entered Level 1 of the Lair of Beasts
 19472 | Lair:1   | Reached skill level 20 in Spellcasting
 19525 | Lair:1   | Reached XP level 14. HP: 79/79 MP: 11/40
 19861 | Lair:1   | Noticed Joseph
 19864 | Lair:1   | Killed Joseph
 21281 | Lair:2   | Found a hole to the Spider Nest.
 21299 | Lair:2   | Noticed Maggie
 21302 | Lair:2   | Killed Maggie
 21321 | Lair:2   | Offered knowledge of Arcjolt by Vehumet.
 21530 | Lair:2   | Found a snail-covered altar of Cheibriados.
 22340 | Lair:3   | Found a staircase to the Shoals.
 22420 | Lair:3   | Reached skill level 21 in Spellcasting
 23605 | Lair:4   | Found a staircase to the Slime Pits.
 23861 | Lair:4   | Found the ring of the Octopus King
 23869 | Lair:4   | Identified a ring of the Octopus King {HP+2 MP+9 AC+2 EV+2
                  | SH+2}
 24154 | Lair:5   | Entered Level 5 of the Lair of Beasts
 24541 | Lair:5   | Offered knowledge of Irradiate by Vehumet.
 24616 | Lair:5   | Reached XP level 15. HP: 84/84 MP: 42/42
 24971 | Lair:5   | Reached skill level 22 in Spellcasting
 25067 | Lair:5   | Found a one-way gate to the infinite horrors of the Abyss.
 25067 | Lair:5   | Found a corrupted altar of Lugonu.
 25423 | Lair:5   | Noticed Josephine
 25427 | Lair:5   | Killed Josephine
 26242 | Orc:1    | Entered Level 1 of the Orcish Mines
 26818 | Orc:2    | Entered Level 2 of the Orcish Mines
 26874 | Orc:2    | Found Pieham's Distillery.
 26884 | Orc:2    | Bought a potion of curing for 48 gold pieces
 26884 | Orc:2    | Bought a potion of curing for 48 gold pieces
 27012 | Orc:2    | Noticed Jorgrun
 27016 | Orc:2    | Killed Jorgrun
 27081 | Orc:2    | Offered knowledge of Yara's Violent Unravelling by Vehumet.
 27252 | Orc:2    | Found a staircase to the Elven Halls.
 27684 | Orc:2    | Found Dety's Distillery.
 27693 | Orc:2    | Bought 2 potions of curing for 90 gold pieces
 27693 | Orc:2    | Bought a potion of curing for 45 gold pieces
 27706 | Orc:2    | Found an ancient bone altar of Kikubaaqudgha.
 27944 | Orc:2    | Found Kocuofotho's Jewellery Boutique.
 28023 | Orc:2    | Found a radiant altar of Vehumet.
 28042 | Orc:2    | Found Simaqealu's Distillery.
 28077 | Orc:2    | Found Seticeil's Antique Armour Boutique.
 28187 | Orc:2    | Bought a potion of magic for 120 gold pieces
 28187 | Orc:2    | Bought a potion of magic for 120 gold pieces
 28364 | Shoals:1 | Entered Level 1 of the Shoals
 28638 | Shoals:1 | Reached skill level 23 in Spellcasting
 29617 | Shoals:2 | Identified the +4 ring mail "Yseeh" {-Tele rElec Int-2
                  | Dex+5}
 29642 | Shoals:2 | Reached XP level 16. HP: 88/88 MP: 10/45
 29904 | Shoals:2 | Found Taeheeh's Vocational Training.
 30094 | Shoals:2 | Found Moesulio's Antique Armour Shop.
 30250 | Shoals:2 | Acquired 912 gold pieces
 30283 | Shoals:3 | Found Edihuw's Antique Armour Emporium.
 31189 | Shoals:4 | Entered Level 4 of the Shoals
 31575 | Shoals:4 | Reached skill level 24 in Spellcasting
 31657 | Shoals:4 | Reached ****** piety under Vehumet
 31663 | Shoals:4 | Offered knowledge of Bombard by Vehumet.
 32037 | Shoals:4 | Reached skill level 15 in Conjurations
 32129 | Shoals:4 | Noticed Nikola
 32139 | Shoals:4 | Killed Nikola
 32311 | Shoals:4 | Got a barnacled rune of Zot
 32896 | Shoals:4 | Found the ring of Shadows {Umbra +Inv Stlth+}
 33143 | Spider:1 | Entered Level 1 of the Spider Nest
 33305 | Spider:1 | Offered knowledge of Spellforged Servitor by Vehumet.
 33307 | Spider:1 | Reached XP level 17. HP: 94/97 MP: 47/47
 33318 | Spider:1 | Reached skill level 25 in Spellcasting
 34088 | Spider:1 | Got Sif Muna's Parchment of Gathered Evil
 34104 | Spider:1 | Reached skill level 15 in Fire Magic
 34920 | Spider:2 | Offered knowledge of Plasma Beam by Vehumet.
 35315 | Spider:2 | Noticed Frances
 35324 | Spider:2 | Killed Frances
 36184 | Spider:3 | Reached skill level 26 in Spellcasting
 37373 | Spider:4 | Entered Level 4 of the Spider Nest
 37424 | Spider:4 | Offered knowledge of Lehudib's Crystal Spear by Vehumet.
 37424 | Spider:4 | Offered knowledge of Chain Lightning by Vehumet.
 37424 | Spider:4 | Offered knowledge of Ignition by Vehumet.
 37568 | Spider:4 | Learned a level 8 spell: Ignition
 37626 | Spider:4 | Reached XP level 18. HP: 103/103 MP: 50/50
 38753 | Spider:4 | Mangled by a radroach

Illustrated notes

Levels and vault maps discovered:
D:1:      mushboom_english_gardens, layout_basic
D:2:      layout_loops_corners, basic_altar, minmay_split_cup_small
D:3:      layout_rooms, uniq_crazy_yiuf_cottage
D:4:      layout_basic, serial_forest, infiniplex_forest_end_double,
          infiniplex_forest_corner_1, infiniplex_forest_lined_1,
          infiniplex_forest_pool, infiniplex_forest_end_1,
          infiniplex_forest_clump_double, infiniplex_forest_lined_3,
          nzn_random_ring, uniq_pikel
D:5:      layout_basic, mainiacjoe_overflow_chevrons, xom_butterflies,
          serial_shops, nicolae_shop_tiny_waterfront, kennysheep_generic_room_7
D:6:      layout_rooms, lemuel_temple_firewalk_b, uniq_duvessa, uniq_edmund,
          uniq_blork_the_orc
D:7:      layout_basic, mainiacjoe_overflow_concentric_impassable,
          okawaru_humans, enter_bailey_5
D:8:      layout_loops_ring, jiyva_altar_1
D:9:      gammafunk_boulding_lane, layout_long_grid, elyvilon_altar_4
D:10:     layout_loops_cross, minmay_lair_entry_grove, orc_0_dummy
D:11:     layout_gridville, uniq_psyche
D:12:     layout_small_grid, serial_ice, serial_ice_o, serial_ice_a,
          serial_ice_l, serial_ice_f, portal_ice_cave_demonic_guard,
          minivault_16
D:13:     layout_stronghold, grunt_vaults_entry_tiered, uniq_azrael
D:14:     layout_roguey, hangedman_decor_riveting, minmay_circle_x, uniq_snorg
D:15:     hangedman_crystal_crosses_colossus [crystal_crosses_arms_four,
          crystal_crosses_arms_one, crystal_crosses_arms_one]
Temple:   bh_familiar_temple
Lair:1:   layout_long_grid, uniq_joseph
Lair:2:   layout_chaotic_city, hellmonk_spider_entry_not_the_bees, st_stairs_13,
          kennysheep_snail_temple, uniq_maggie
Lair:3:   layout_cave_pods, minmay_shoals_entry_lonely_mermaid,
          nicolae_quartered_pool_super
Lair:4:   layout_roguey, slime_entry_1, grunt_forest_large_clearings
Lair:5:   hellmonk_lair_end_abyssal_woods, layout_small_grid, st_stairs_11,
          grunt_megastairs_3, uniq_josephine
Shoals:1: layout_shoals
Shoals:2: layout_shoals, nicolae_take_the_stairs, nicolae_shop_vocational
Shoals:3: layout_shoals, nicolae_stop_n_shop_1
Shoals:4: shoals_end_simple, layout_shoals, uniq_nikola
Spider:1: layout_spider_delve
Spider:2: nicolae_spider_hilbert_zone_4 [nicolae_spider_hilbert_4_sides_2_open,
          nicolae_spider_hilbert_4_sides_1_open,
          nicolae_spider_hilbert_4_sides_1_open,
          nicolae_spider_hilbert_4_sides_1_open,
          nicolae_spider_hilbert_4_sides_1_open,
          nicolae_spider_hilbert_2_sides_1_open,
          nicolae_spider_hilbert_2_sides_1_open,
          nicolae_spider_hilbert_2_sides_1_open,
          nicolae_spider_hilbert_2_sides_1_open,
          nicolae_spider_hilbert_6_sides_1_open,
          nicolae_spider_hilbert_6_sides_1_open,
          nicolae_spider_hilbert_3_sides_1_open,
          nicolae_spider_hilbert_3_sides_1_open], uniq_frances
Spider:3: layout_spider_delve
Spider:4: spider_rune_water, nicolae_spider_baby_got_redback
Orc:1:    layout_diamond_mine
Orc:2:    kennysheep_orc_mage_school, layout_diamond_mine, serial_shops, shop,
          nicolae_orc_tapped_out, uniq_jorgrun

Skill      XL: |  1  2  3  4  5  6  7  8  9 10 11 12 13 14 15 16 17 18 |
---------------+-------------------------------------------------------+-----
Spellcasting   | 5 6 8 10 12 14 16 18 20 21 23 24 26 | 26.7
Fighting       | 1 2 4 5 6 7 8 |  8.0
Armour         | 1 2 3 4 5 6 7 8 |  8.5
Conjurations   | 2 4 5 7 8 9 11 12 13 14 15 16 | 16.6
Dodging        | 3 |  3.0
Stealth        | 4 |  4.2
Shields        | 2 3 4 5 6 |  6.0
Air Magic      | 1 |  1.0
Earth Magic    | 1 2 |  2.2
Alchemy        | 1 |  1.1
Evocations     | 1 |  1.0
Fire Magic     | 2 4 6 8 9 11 12 13 14 15 16 | 16.0
Summonings     | |  1.1
Translocations | |  1.1

Action                     |  1- 3 |  4- 6 |  7- 9 | 10-12 | 13-15 | 16-18 || total
---------------------------+-------+-------+-------+-------+-------+-------++-------
  Melee: Dagger            |    22 |       |       |       |       |       ||    22
         Quarterstaff      |     3 |    30 |   129 |    25 |       |       ||   187
         Rapier            |       |     4 |     5 |       |       |       ||     9
         Staff             |       |       |       |     1 |     2 |       ||     3
   Cast: Magic Dart        |    52 |    69 |   151 |    17 |     2 |     1 ||   292
         Mephitic Cloud    |       |     8 |    22 |    26 |    12 |       ||    68
         Call Imp          |       |     2 |     2 |       |     2 |       ||     6
         Blink             |       |       |     3 |     2 |     1 |     2 ||     8
         Stone Arrow       |       |       |    52 |   159 |    71 |     7 ||   289
         Starburst         |       |       |       |    47 |     3 |    65 ||   115
         Fireball          |       |       |       |    37 |   455 |   411 ||   903
         Orb of Destructio |       |       |       |     1 |    23 |    34 ||    58
         Swiftness         |       |       |       |       |     1 |       ||     1
         Ignition          |       |       |       |       |       |    11 ||    11
  Evoke: Wand              |       |       |       |       |       |     2 ||     2
         Sack of spiders   |       |       |       |       |       |     1 ||     1
    Use: Scroll            |       |       |       |    14 |    14 |     4 ||    32
   Stab: Sleeping          |       |     2 |       |       |       |       ||     2
         Confused          |       |     2 |    14 |     4 |       |       ||    20
         Distracted        |       |       |     1 |       |       |       ||     1
 Armour: Robe              |    25 |    19 |    97 |    68 |       |       ||   209
         Leather armour    |       |       |       |     9 |    46 |    52 ||   107
         Ring mail         |       |       |       |     7 |       |       ||     7
         Acid dragon scale |       |       |       |       |     5 |    26 ||    31
  Dodge: Dodged            |    17 |    16 |   105 |    60 |    31 |    35 ||   264
  Block: Buckler           |       |       |       |     6 |    24 |    21 ||    51

Table legend: (Time is in decaauts)
 A = Elapsed time spent in this place.
 B = Non-inter-level travel time spent in this place.
 C = Inter-level travel time spent in this place.
 D = Time resting spent in this place.
 E = Time spent auto-exploring this place.
 F = Levels seen in this place.
 G = Mean time per level.
                   A        B        C        D        E       F      G
               +--------+--------+--------+--------+--------+-----+--------+
         Total |  39101 |  37055 |   2046 |   3989 |  28118 |  33 | 1184.9 |
       Dungeon |  18249 |  16908 |   1341 |   1466 |  12880 |  15 | 1216.6 |
        Temple |    112 |     91 |     21 |      0 |      0 |   1 |  112.0 |
          Lair |   6771 |   6473 |    298 |    611 |   5304 |   5 | 1354.2 |
        Shoals |   4943 |   4728 |    215 |    794 |   3409 |   4 | 1235.8 |
   Spider Nest |   5323 |   5254 |     69 |    779 |   3852 |   4 | 1330.8 |
  Orcish Mines |   2044 |   1944 |    100 |     21 |   1693 |   2 | 1022.0 |
        Bailey |    641 |    641 |      0 |      0 |    541 |   1 |  641.0 |
      Ice Cave |   1016 |   1016 |      0 |    318 |    438 |   1 | 1016.0 |
               +--------+--------+--------+--------+--------+-----+--------+

Top non-repeatable levels by time:
    D:13: 2535 daAuts
     D:4: 1772 daAuts
Shoals:4: 1592 daAuts
Spider:2: 1589 daAuts
     D:9: 1583 daAuts
  Lair:5: 1555 daAuts
Spider:3: 1506 daAuts
  Lair:1: 1488 daAuts
    D:14: 1476 daAuts
   Orc:2: 1428 daAuts
    D:10: 1422 daAuts
  Lair:2: 1363 daAuts
Shoals:3: 1298 daAuts
  Lair:3: 1284 daAuts
     D:2: 1269 daAuts
